[Event "LEM Sachsen-Anhalt Masters 2024"]
[Site "Merseburg"]
[Date "2024.02.09"]
[Round "3.3"]
[White "Malek, Daniel"]
[Black "Wenzel, Thomas"]
[Result "1-0"]
[ECO "A50"]
[WhiteElo "2307"]
[BlackElo "1747"]
[Annotator "RC"]
[PlyCount "109"]
[EventDate "2024.02.01"]
[EventType "swiss"]
[EventCountry "GER"]
[SourceTitle "playchess.com"]
[Source "ChessBase"]
[SourceQuality "1"]
[TimeControl "40/5400+30:1800+30"]

1. c4 b6 2. d4 Bb7 3. Nc3 Nf6 4. d5 d6 5. e4 e5 6. Nf3 Nbd7 7. Bd3 Nc5 8. Bc2 a5 9. Rb1 Be7 10. a3 O-O 11. b4 axb4 12. axb4 Ncd7 13. O-O Qb8 14. Re1 Rc8 15. Ba4 c6 16. Bb2 c5 17. Bc1 Ba6 18. Bc6 Bb7 19. b5 Qc7 20. Bg5 Ra3 21. Qc2 Rca8 22. Nh4 R8a7 23. Nf5 Bf8 24. f4 Bc8 25. Rbd1 exf4 26. Bxd7 Nxd7 27. Bxf4 f6 28. Qb2 Ne5 29. Bxe5 fxe5 30. Ra1 Rxa1 31. Rxa1 g6 32. Nh4 Bh6 33. Kf2 Bg4 34. Ra6 Bc8 35. Ra2 Qf7+ 36. Nf3 g5 37. Rxa7 Qxa7 38. Qa2 Qf7 39. h3 g4 40. Qa8 g3+ 41. Ke1 Qf8 42. Qb8 Kg7 43. Ne2 Bf4 44. Qxb6 Be3 45. Qb8 Bf2+ 46. Kd1 Qd8 47. b6 Qd7 48. Nc3 Ba6 49. Qa7 Bb7 50. Nb5 Kg8 51. Qb8+ Bc8 52. Qxd6 Qb7 53. Qd8+ Kg7 54. Nd6 Qa6 55. Qe7+ 1-0

[Event "LEM Sachsen-Anhalt Masters 2024"]
[Site "Merseburg"]
[Date "2024.02.09"]
[Round "3.4"]
[White "Haubold, Sebastian"]
[Black "Reipsch, Jens"]
[Result "1-0"]
[ECO "C75"]
[WhiteElo "2055"]
[BlackElo "2225"]
[Annotator "NA RC"]
[PlyCount "71"]
[EventDate "2024.02.01"]
[EventType "swiss"]
[EventCountry "GER"]
[SourceTitle "playchess.com"]
[Source "ChessBase"]
[SourceQuality "1"]
[TimeControl "40/5400+30:1800+30"]

1. e4 e5 2. Nf3 Nc6 3. Bb5 a6 4. Ba4 Nge7 5. O-O d6 6. c3 Bd7 7. d4 Ng6 8. Re1 Be7 {[%emt 0:00:26] C75: Ruy Lopez: Deferred Steinitz: 5 c3 Bd7 6 d4 without ...g6.} 9. Nbd2 b5 10. Bc2 Bg4 ({Better is} 10... exd4 $14 11. cxd4 O-O) 11. h3 Bc8 12. Nf1 h6 13. a4 Bb7 14. Ng3 Bg5 15. d5 Nb8 16. Bxg5 hxg5 17. axb5 Nf4 18. bxa6 Rxa6 19. Ba4+ $16 Kf8 20. Bb5 Rb6 21. c4 Bc8 22. Nh2 g4 23. hxg4 Rxh2 24. Kxh2 Qh4+ 25. Kg1 Bxg4 26. Qb3 c6 27. Qe3 c5 28. b4 Kg8 29. Ra7 g6 30. Ra3 f5 31. exf5 gxf5 32. bxc5 Rb7 33. Nxf5 Qf6 34. Nxd6 Rg7 35. Qxe5 Qh6 36. Rg3 1-0

[Event "LEM Sachsen-Anhalt Masters 2024"]
[Site "Merseburg"]
[Date "2024.02.09"]
[Round "3.5"]
[White "Daub, Sebastian"]
[Black "Lippert, Daniel"]
[Result "0-1"]
[ECO "D04"]
[WhiteElo "1967"]
[BlackElo "2034"]
[Annotator "NA RC"]
[PlyCount "48"]
[EventDate "2024.02.01"]
[EventType "swiss"]
[EventCountry "GER"]
[SourceTitle "playchess.com"]
[Source "ChessBase"]
[SourceQuality "1"]
[TimeControl "40/5400+30:1800+30"]

1. d4 d5 2. Nf3 Nf6 3. c3 Bf5 4. e3 e6 5. Bd3 c6 6. O-O Nbd7 7. Bxf5 exf5 8. a4 Bd6 9. b3 Ne4 10. Qd3 g5 11. Ba3 g4 12. Bxd6 gxf3 ({But not} 12... Nxd6 $6 13. Ne1 $11) 13. Bg3 $1 fxg2 14. Kxg2 Rg8 $11 15. Qe2 Ndf6 16. Qf3 Qd7 17. Ra2 Rg4 18. h3 Rg6 19. Kh2 Ng5 20. Qf4 Nh5 21. Qe5+ Kf8 22. Nd2 f4 23. exf4 Qxh3+ 24. Kg1 Nxg3 0-1

[Event "LEM Sachsen-Anhalt Masters 2024"]
[Site "Merseburg"]
[Date "2024.02.09"]
[Round "3.6"]
[White "Noennig, Jakob"]
[Black "Schulz, Maximilian"]
[Result "1-0"]
[ECO "B06"]
[WhiteElo "1789"]
[BlackElo "1896"]
[Annotator "NA RC"]
[PlyCount "81"]
[EventDate "2024.02.01"]
[EventType "swiss"]
[EventCountry "GER"]
[SourceTitle "playchess.com"]
[Source "ChessBase"]
[SourceQuality "1"]
[TimeControl "40/5400+30:1800+30"]

1. e4 d6 2. d4 Nf6 3. Nc3 g6 4. Nf3 c6 5. a4 Bg7 6. Bd3 Qc7 7. O-O O-O 8. Bf4 Nh5 (8... Nbd7 $11) 9. Be3 e5 10. Qd2 Bg4 11. dxe5 dxe5 12. Ne1 Nd7 $11 13. Bc4 Rfe8 14. h3 Be6 15. Bxe6 Rxe6 16. Rd1 Nf8 17. Nf3 Re7 18. Qd6 Ne6 19. Rd2 Nd4 20. Qxc7 Nxf3+ 21. gxf3 Rxc7 22. Rfd1 Kf8 23. Rd7 Rxd7 24. Rxd7 b6 25. Rc7 c5 26. Nb5 Bf6 27. Nxa7 Bd8 28. Rb7 Ke8 29. b3 Ng7 30. Nc6 Ne6 31. Nxe5 Bc7 32. Nc4 Kd8 33. Nxb6 Bxb6 34. Rxb6 c4 35. Rb7 Ke8 36. f4 h5 37. f5 gxf5 38. exf5 Ng7 39. f6 Nf5 40. Bc5 Nh4 41. Re7+ 1-0

[Event "LEM Sachsen-Anhalt Masters 2024"]
[Site "Merseburg"]
[Date "2024.02.09"]
[Round "3.7"]
[White "Polzin, Gustav"]
[Black "Schellmann, Frank"]
[Result "1/2-1/2"]
[ECO "C54"]
[WhiteElo "1895"]
[BlackElo "1923"]
[Annotator "NA RC"]
[PlyCount "60"]
[EventDate "2024.02.01"]
[EventType "swiss"]
[EventCountry "GER"]
[SourceTitle "playchess.com"]
[Source "ChessBase"]
[SourceQuality "1"]
[TimeControl "40/5400+30:1800+30"]

1. e4 e5 2. Nf3 Nc6 3. Bc4 Nf6 4. d3 Bc5 5. c3 O-O 6. O-O a6 7. Re1 d6 8. a4 h6 9. Na3 Re8 10. b4 Ba7 11. Nc2 Be6 12. Bxe6 Rxe6 13. Be3 Bxe3 14. Nxe3 d5 15. exd5 Nxd5 16. Qc2 Nxe3 17. fxe3 Qd7 (17... e4 $5 18. dxe4 Qe7 $11) 18. Rad1 $11 b5 19. e4 Rd6 20. Re3 Re8 21. a5 Nd8 22. d4 exd4 23. cxd4 f6 24. Qb3+ Qf7 25. Qxf7+ Nxf7 26. Rc1 c6 27. Kf2 Ng5 28. Nxg5 hxg5 29. Rd1 Red8 30. Red3 Kf7 1/2-1/2

[Event "LEM Sachsen-Anhalt Masters 2024"]
[Site "Merseburg"]
[Date "2024.02.09"]
[Round "4.1"]
[White "Ahmed, Daniel"]
[Black "Groebel, Aaron"]
[Result "1/2-1/2"]
[ECO "D32"]
[WhiteElo "1994"]
[BlackElo "2087"]
[Annotator "NA RC"]
[PlyCount "46"]
[EventDate "2024.02.01"]
[EventType "swiss"]
[EventCountry "GER"]
[SourceTitle "playchess.com"]
[Source "ChessBase"]
[SourceQuality "1"]
[TimeControl "40/5400+30:1800+30"]

1. d4 Nf6 2. c4 c5 3. Nf3 cxd4 4. Nxd4 e6 5. Nc3 Be7 6. e3 O-O 7. Be2 d5 8. cxd5 exd5 9. O-O Nc6 10. b3 Be6 11. Bb2 Rc8 {[%emt 0:00:00] D32: Tarrasch Defence: Sidelines and lines without g3.} 12. Rc1 Nxd4 13. Qxd4 Bc5 14. Qh4 (14. Qd3 $14) 14... Ne4 15. Qxd8 Rfxd8 16. Na4 Bb4 17. Rxc8 Rxc8 18. Rc1 Rxc1+ 19. Bxc1 Bd7 20. f3 $11 Nd6 21. Nb2 Nb5 22. Nd1 Nc3 23. Nxc3 Bxc3 1/2-1/2

[Event "LEM Sachsen-Anhalt Masters 2024"]
[Site "Merseburg"]
[Date "2024.02.09"]
[Round "4.2"]
[White "Haubold, Sebastian"]
[Black "Malek, Daniel"]
[Result "0-1"]
[ECO "C03"]
[WhiteElo "2055"]
[BlackElo "2307"]
[Annotator "ChessBase"]
[PlyCount "92"]
[EventDate "2024.02.01"]
[EventType "swiss"]
[EventCountry "GER"]
[SourceTitle "playchess.com"]
[Source "ChessBase"]
[SourceQuality "1"]
[TimeControl "40/5400+30:1800+30"]

1. e4 e6 2. d4 d5 3. Nd2 Be7 4. e5 c5 5. c3 cxd4 6. cxd4 Qb6 7. Ndf3 Bb4+ 8. Bd2 Nc6 9. Bxb4 Qxb4+ 10. Qd2 Qxd2+ 11. Kxd2 Bd7 12. Rc1 f6 13. exf6 gxf6 14. Nh3 Ke7 15. Bb5 Kd6 16. Rhe1 Nge7 17. b4 Rhf8 18. Bxc6 Nxc6 19. Kc3 Rac8 20. Kb3 e5 21. Rcd1 Bxh3 22. gxh3 e4 23. Nh4 Ne7 24. Re3 Rc7 25. Rc3 Rxc3+ 26. Kxc3 f5 27. f4 Rf6 28. Ng2 Rh6 29. h4 Ng6 30. Rg1 Nxh4 31. Ne3 Rg6 32. Rg3 Ke6 33. Rh3 Ng2 34. Nxg2 Rxg2 35. Rh6+ Kf7 36. Rxh7+ Rg7 37. Rh5 Kg6 38. Rg5+ Kf6 39. h4 Rc7+ 40. Kb3 e3 41. Rg2 Re7 42. Re2 Kg6 43. Kc2 Kh5 44. Kd1 Re4 45. Rg2 Rxd4+ 46. Ke1 Rxf4 0-1

[Event "LEM Sachsen-Anhalt Masters 2024"]
[Site "Merseburg"]
[Date "2024.02.09"]
[Round "4.3"]
[White "Haubold, Christian"]
[Black "Noennig, Jakob"]
[Result "1-0"]
[ECO "C54"]
[WhiteElo "1990"]
[BlackElo "1789"]
[Annotator "NA RC"]
[PlyCount "131"]
[EventDate "2024.02.01"]
[EventType "swiss"]
[EventCountry "GER"]
[SourceTitle "playchess.com"]
[Source "ChessBase"]
[SourceQuality "1"]
[TimeControl "40/5400+30:1800+30"]

1. e4 e5 2. Nf3 Nc6 3. Bc4 Bc5 4. c3 Nf6 5. d3 a6 6. a4 d6 7. Bg5 h6 8. Bh4 Be6 9. Bb3 Qd7 10. Bc2 g5 11. Bg3 Ba7 12. Na3 Nh5 $15 13. Nc4 Nf4 14. Bxf4 gxf4 15. h3 Rg8 16. Rh2 f6 17. Nfd2 Rg5 18. Nf3 Rg6 19. Qe2 O-O-O 20. b4 d5 21. exd5 Qxd5 22. b5 Nb8 23. Bb3 Qc5 24. d4 Qe7 25. dxe5 Bxc4 26. Bxc4 fxe5 27. Nxe5 Rgd6 28. Nf7 Bxf2+ 29. Kf1 Be3 30. Nxd6+ Qxd6 31. Qg4+ Nd7 32. bxa6 bxa6 33. Rd1 Qc6 34. Qe6 Qc5 35. Bxa6+ Kb8 36. Rxd7 Rf8 37. Qb3+ Qb6 38. Qxb6+ Bxb6 39. Ke2 Re8+ 40. Kf3 Bc5 41. Rh1 Bd6 42. Rxd6 cxd6 43. Kxf4 Kc7 44. Rb1 Rf8+ 45. Ke4 Rf2 46. Rb7+ Kc6 47. Rh7 Rxg2 48. Rxh6 Kc5 49. Bb5 Rd2 50. h4 Rd5 51. c4 Re5+ 52. Kf4 Re1 53. Rh8 Rf1+ 54. Kg5 Rg1+ 55. Kh6 Kd4 56. Re8 d5 57. Rd8 Ke5 58. Rxd5+ Kf6 59. Rg5 Rh1 60. Rg6+ Kf7 61. h5 Rh2 62. a5 Ra2 63. a6 Ra1 64. a7 Kf8 65. Rg7 Ra4 66. Bc6 1-0

[Event "LEM Sachsen-Anhalt Masters 2024"]
[Site "Merseburg"]
[Date "2024.02.09"]
[Round "4.4"]
[White "Lippert, Daniel"]
[Black "Polzin, Gustav"]
[Result "0-1"]
[ECO "B12"]
[WhiteElo "2034"]
[BlackElo "1895"]
[Annotator "NA"]
[PlyCount "98"]
[EventDate "2024.02.01"]
[EventType "swiss"]
[EventCountry "GER"]
[SourceTitle "playchess.com"]
[Source "ChessBase"]
[SourceQuality "1"]
[TimeControl "40/5400+30:1800+30"]

1. e4 c6 2. d4 d5 3. e5 Bf5 4. h4 h5 5. Bd3 Bxd3 6. Qxd3 Qa5+ 7. Nd2 e6 8. Ngf3 Qa6 9. c4 Ne7 10. O-O Nf5 11. b3 Be7 12. a4 c5 13. dxc5 Bxc5 14. Qb1 $1 Ng3 {[%emt 0:03:15] [#]} 15. b4 $14 Nxf1 16. Nxf1 Be7 17. c5 Qc4 18. Bg5 Bxg5 19. Nxg5 Qxh4 20. Nxe6 fxe6 21. Qg6+ Kf8 22. Qxe6 Nc6 23. Ra3 Nd4 24. Qd6+ Kg8 25. Qxd5+ Kh7 26. Rh3 Qf4 27. Ng3 Rad8 28. Qxb7 Ne2+ 29. Kh2 Nxg3 30. fxg3 Qxe5 31. Qf7 Kh6 32. c6 Rhf8 33. Qxa7 Rf1 34. Qa6 Rf6 35. Qc4 Rd1 36. c7 Qe1 37. g4 Qe5+ 38. Rg3 h4 39. g5+ Kg6 40. Qc2+ Rf5 41. Qxd1 hxg3+ 42. Kh3 Qxc7 43. Qd3 Kxg5 44. b5 Qf4 45. Qxg3+ Qxg3+ 46. Kxg3 Rc5 47. b6 Rc3+ 48. Kf2 Rb3 49. a5 Rb5 0-1

[Event "LEM Sachsen-Anhalt Masters 2024"]
[Site "Merseburg"]
[Date "2024.02.09"]
[Round "4.5"]
[White "Reipsch, Jens"]
[Black "Wenzel, Thomas"]
[Result "1-0"]
[ECO "C56"]
[WhiteElo "2225"]
[BlackElo "1747"]
[Annotator "ChessBase"]
[PlyCount "45"]
[EventDate "2024.02.01"]
[EventType "swiss"]
[EventCountry "GER"]
[SourceTitle "playchess.com"]
[Source "ChessBase"]
[SourceQuality "1"]
[TimeControl "40/5400+30:1800+30"]

1. e4 e5 2. Nf3 Nc6 3. d4 exd4 4. Bc4 Nf6 5. O-O Bc5 6. e5 d5 7. Bb5 Nd7 8. Bxc6 bxc6 9. Bg5 Be7 10. Nxd4 Nb8 11. Bxe7 Qxe7 12. Nc3 O-O 13. Re1 c5 14. Nxd5 Qd8 15. Nb3 Na6 16. Ne3 Qg5 17. Qd5 Rb8 18. Nxc5 Nxc5 19. Qxc5 Rb6 20. Rad1 f5 21. f4 Qxf4 22. Nd5 Qg4 23. Nxb6 1-0

[Event "LEM Sachsen-Anhalt Masters 2024"]
[Site "Merseburg"]
[Date "2024.02.09"]
[Round "4.6"]
[White "Schulz, Maximilian"]
[Black "Daub, Sebastian"]
[Result "1/2-1/2"]
[ECO "B37"]
[WhiteElo "1896"]
[BlackElo "1967"]
[Annotator "NA RC"]
[PlyCount "35"]
[EventDate "2024.02.01"]
[EventType "swiss"]
[EventCountry "GER"]
[SourceTitle "playchess.com"]
[Source "ChessBase"]
[SourceQuality "1"]
[TimeControl "40/5400+30:1800+30"]

1. e4 c5 2. Nf3 g6 3. d4 cxd4 4. Nxd4 Bg7 5. c4 Nc6 6. Nc2 (6. Be3 $5) 6... Nf6 7. Nc3 O-O 8. Be2 d6 9. O-O Be6 10. Rb1 Rc8 11. b3 Nh5 12. Nd5 Nf6 13. f3 Bxd5 14. exd5 Nb4 $1 15. Nxb4 Qb6+ 16. Kh1 Qxb4 17. a4 $14 Nd7 18. Be3 1/2-1/2

[Event "LEM Sachsen-Anhalt Masters 2024"]
[Site "Merseburg"]
[Date "2024.02.09"]
[Round "4.7"]
[White "Schellmann, Frank"]
[Black "Herter, Arne"]
[Result "0-1"]
[ECO "C54"]
[WhiteElo "1923"]
[BlackElo "2028"]
[Annotator "NA"]
[PlyCount "60"]
[EventDate "2024.02.01"]
[EventType "swiss"]
[EventCountry "GER"]
[SourceTitle "playchess.com"]
[Source "ChessBase"]
[SourceQuality "1"]
[TimeControl "40/5400+30:1800+30"]

1. e4 e5 2. Nf3 Nc6 3. Bc4 Bc5 4. O-O Nf6 5. d3 d6 6. c3 a6 7. a4 Ba7 8. Re1 O-O 9. h3 h6 10. Nbd2 Ne7 11. Nf1 Ng6 12. Ng3 c6 13. Bb3 Be6 14. d4 Qc7 $14 15. Bc2 Rad8 16. Be3 d5 17. Qb1 dxe4 18. Nxe5 Nxe5 19. dxe5 Bxe3 20. Rxe3 Qxe5 21. Nxe4 Nd5 22. Re1 Nf4 23. h4 Qh5 24. Re3 Ne2+ 25. Kf1 Qxh4 26. Kxe2 Bc4+ 27. Kf3 f5 28. g3 fxe4+ 29. Kg2 Rxf2+ 30. Kxf2 Qh2+ 0-1

[Event "LEM Sachsen-Anhalt Masters 2024"]
[Site "Merseburg"]
[Date "2024.02.10"]
[Round "5.1"]
[White "Groebel, Aaron"]
[Black "Malek, Daniel"]
[Result "0-1"]
[ECO "B10"]
[WhiteElo "2087"]
[BlackElo "2307"]
[Annotator "TA"]
[PlyCount "58"]
[EventDate "2024.02.01"]
[EventType "swiss"]
[EventCountry "GER"]
[SourceTitle "playchess.com"]
[Source "ChessBase"]
[SourceQuality "1"]
[TimeControl "40/5400+30:1800+30"]

1. e4 c6 2. d3 d5 3. Qe2 dxe4 4. dxe4 e5 5. Nf3 Qc7 6. Be3 Nf6 7. Nbd2 Bg4 8. h3 {[%emt 0:02:46] The position is equal.} Bh5 9. g4 Bg6 10. Bg5 ({White should try} 10. O-O-O $14) 10... Nfd7 11. Bg2 Nc5 12. Nh4 Nbd7 13. O-O Ne6 14. Be3 Bc5 15. Rad1 O-O-O 16. c3 Kb8 17. b4 {[%emt 0:06:26] [#] Strongly threatening Nxg6.} Bxe3 18. fxe3 f6 19. a4 Bf7 20. Nf5 h5 $36 {[%emt 0:00:44][%mdl 2048] Black fights for an advantage.} 21. Nc4 hxg4 22. hxg4 ({White should play} 22. Ncd6 $15 Nb6 (22... gxh3 23. Nxf7 Ng5 24. Nxh8 $16) 23. a5) 22... Nb6 {[%emt 0:02:12][%cal Oe6f4] ...Nf4! would now be deadly.} 23. Nb2 (23. Rxd8+ $17 {keeps fighting.} Rxd8 24. Nb2) 23... g6 24. a5 gxf5 25. exf5 $2 (25. axb6 $17 Qxb6 (25... axb6 26. Rxd8+ Rxd8 27. exf5 $15) 26. Rxd8+ Qxd8 27. exf5) 25... Nd5 $19 (25... Rxd1 26. Nxd1 Nd5 27. fxe6 Bxe6 28. Bxd5 cxd5 (28... Bxd5 29. e4 $11) 29. Rxf6 $11) 26. fxe6 Bxe6 27. c4 e4 {[%emt 0:11:46] Threatens to win with ...Qh2+.} (27... Nxb4 28. Rxf6 Bc8 29. Rxd8 Rxd8 (29... Qxd8 $2 30. g5 $19) 30. g5 $17) 28. Bxe4 {[%emt 0:03:08] [#]} Bxg4 $1 29. Qxg4 (29. Qg2 Bh3) 29... Qh2# {[%emt 0:01:25] Weighted Error Value: White=0.81/Black=0.49.  Loses game:     	White=1     	---        Mistake:       	White=3     	---        Inaccurate:     	White=5     	Black=3      OK:         	White=4     	Black=9      Best:        	White=1     	Black=2} 0-1

[Event "LEM Sachsen-Anhalt Masters 2024"]
[Site "Merseburg"]
[Date "2024.02.10"]
[Round "5.2"]
[White "Polzin, Gustav"]
[Black "Ahmed, Daniel"]
[Result "0-1"]
[ECO "B01"]
[WhiteElo "1895"]
[BlackElo "1994"]
[Annotator "NA RC"]
[PlyCount "64"]
[EventDate "2024.02.01"]
[EventType "swiss"]
[EventCountry "GER"]
[SourceTitle "playchess.com"]
[Source "ChessBase"]
[SourceQuality "1"]
[TimeControl "40/5400+30:1800+30"]

1. e4 d5 2. exd5 Qxd5 3. Nc3 Qd8 4. d4 Nf6 5. Bc4 g6 6. Nf3 Bg7 7. Be3 O-O 8. h3 a6 9. Qd2 b5 10. Bd3 Bb7 11. O-O-O Nbd7 12. Rhg1 Qc8 13. Ne5 c5 14. f4 $17 (14. Nxd7 $142 Nxd7 15. Be4) 14... c4 15. Be2 Nb6 16. Bf3 b4 17. Nb1 Bxf3 18. Nxf3 Nbd5 19. Qe1 c3 20. Ne5 cxb2+ 21. Kxb2 Qc7 22. Rd3 Rfc8 23. Qc1 Ne4 24. Nd2 Nec3 25. Rf1 Qa5 26. a4 Nxa4+ 27. Kb3 Rc3+ 28. Rxc3 bxc3 29. Ndc4 Qb4+ 30. Ka2 Nb2 31. Nxb2 cxb2 32. Qxb2 Nc3+ 0-1

[Event "LEM Sachsen-Anhalt Masters 2024"]
[Site "Merseburg"]
[Date "2024.02.10"]
[Round "5.3"]
[White "Herter, Arne"]
[Black "Haubold, Christian"]
[Result "1/2-1/2"]
[ECO "C90"]
[WhiteElo "2028"]
[BlackElo "1990"]
[Annotator "NA RC"]
[PlyCount "71"]
[EventDate "2024.02.01"]
[EventType "swiss"]
[EventCountry "GER"]
[SourceTitle "playchess.com"]
[Source "ChessBase"]
[SourceQuality "1"]
[TimeControl "40/5400+30:1800+30"]

1. e4 e5 2. Nf3 Nc6 3. Bb5 a6 4. Ba4 Nf6 5. O-O Be7 6. d3 b5 7. Bb3 d6 8. c3 Na5 9. Bc2 c5 10. Re1 O-O 11. Nbd2 Re8 12. Nf1 Bf8 13. Ng3 g6 14. h3 Bg7 15. d4 (15. Bg5 $11) 15... Qc7 (15... cxd4 $15 16. cxd4 exd4) 16. d5 c4 (16... Bd7 $142) 17. Be3 $11 (17. b4 $16) 17... h6 18. Qd2 Kh7 19. Nh2 Nd7 20. h4 Qd8 21. h5 Qh4 22. Nf3 Qe7 23. Nh2 Qh4 24. Bd1 Nc5 25. Bxc5 dxc5 26. Qe3 Nb7 27. Be2 Bd7 28. Qd2 Nd6 29. Bf3 Rec8 30. Qe2 Kg8 31. hxg6 fxg6 32. Bg4 Bxg4 33. Qxg4 Qxg4 34. Nxg4 h5 35. Ne3 Bh6 36. f3 1/2-1/2

[Event "LEM Sachsen-Anhalt Masters 2024"]
[Site "Merseburg"]
[Date "2024.02.10"]
[Round "5.4"]
[White "Lippert, Daniel"]
[Black "Reipsch, Jens"]
[Result "1-0"]
[ECO "C68"]
[WhiteElo "2034"]
[BlackElo "2225"]
[Annotator "NA RC"]
[PlyCount "71"]
[EventDate "2024.02.01"]
[EventType "swiss"]
[EventCountry "GER"]
[SourceTitle "playchess.com"]
[Source "ChessBase"]
[SourceQuality "1"]
[TimeControl "40/5400+30:1800+30"]

1. e4 e5 2. Nf3 Nc6 3. Bb5 a6 4. Bxc6 dxc6 5. O-O Bg4 6. h3 Bxf3 ({Black should try} 6... h5 $11) 7. Qxf3 Qf6 8. Qxf6 Nxf6 9. d3 Bd6 10. a4 c5 11. Nd2 O-O 12. a5 b5 $14 13. axb6 cxb6 14. Nc4 Bc7 15. Bg5 Nd7 16. Ne3 Bd8 17. Bxd8 Rfxd8 18. Nd5 a5 19. g3 Kf8 20. f4 Rab8 21. Ne3 exf4 22. gxf4 Nf6 23. Kf2 Rd4 24. b3 g6 25. f5 Nd7 26. Ke2 Rd6 27. Ng4 Re8 28. Ne3 Ne5 29. Kd2 Kg7 30. Kc3 f6 31. Nd5 g5 32. Nc7 Rh8 33. h4 h6 34. hxg5 hxg5 35. Rh1 Rh4 36. Ne8+ 1-0

[Event "LEM Sachsen-Anhalt Masters 2024"]
[Site "Merseburg"]
[Date "2024.02.10"]
[Round "5.5"]
[White "Noennig, Jakob"]
[Black "Haubold, Sebastian"]
[Result "1/2-1/2"]
[ECO "C58"]
[WhiteElo "1789"]
[BlackElo "2055"]
[Annotator "NA RC"]
[PlyCount "78"]
[EventDate "2024.02.01"]
[EventType "swiss"]
[EventCountry "GER"]
[SourceTitle "playchess.com"]
[Source "ChessBase"]
[SourceQuality "1"]
[TimeControl "40/5400+30:1800+30"]

1. e4 e5 2. Nf3 Nc6 3. Bc4 Nf6 4. Ng5 d5 5. exd5 Na5 6. Bb5+ c6 7. dxc6 bxc6 8. Qf3 cxb5 9. Qxa8 Be7 10. O-O O-O $1 11. Qf3 Bb7 $11 12. Qe2 h6 13. Nf3 e4 14. Ne1 Bd6 15. d3 Re8 16. Be3 Qe7 17. d4 Bc7 18. c3 Qd6 19. g3 Qe6 20. Kh1 b4 21. cxb4 Nc4 22. Nc3 Qh3 23. Rg1 Ng4 24. Rg2 Nb6 25. Nc2 Re6 26. Rd1 Nd5 27. Nxd5 Bxd5 28. Qb5 Rd6 29. Qc5 Rd7 30. Qb5 Rd8 31. Qc5 Bb6 32. Qe7 f6 33. b3 Rc8 34. Na3 Qh5 35. Re1 Re8 36. Qd6 Rd8 37. Qe7 Re8 38. Qd6 Rd8 39. Qe7 Re8 1/2-1/2

[Event "LEM Sachsen-Anhalt Masters 2024"]
[Site "Merseburg"]
[Date "2024.02.10"]
[Round "5.6"]
[White "Wenzel, Thomas"]
[Black "Daub, Sebastian"]
[Result "1/2-1/2"]
[ECO "B30"]
[WhiteElo "1747"]
[BlackElo "1967"]
[Annotator "NA RC"]
[PlyCount "57"]
[EventDate "2024.02.01"]
[EventType "swiss"]
[EventCountry "GER"]
[SourceTitle "playchess.com"]
[Source "ChessBase"]
[SourceQuality "1"]
[TimeControl "40/5400+30:1800+30"]

1. e4 c5 2. Nf3 g6 3. Bc4 Bg7 4. O-O Nc6 5. Nc3 e6 6. a4 Nge7 7. d3 O-O 8. Re1 d5 9. Ba2 a6 10. h4 d4 11. Ne2 $11 b5 12. Ng3 h5 $2 (12... h6 $1 $11) 13. Bf4 e5 14. Bg5 Kh7 15. Bxe7 Qxe7 16. Ng5+ Kh8 17. Bd5 Bg4 18. f3 Bd7 19. axb5 axb5 20. Nxf7+ Kh7 21. Rxa8 Rxa8 22. Ng5+ Kh8 23. Qd2 Rf8 24. Ne2 Bf6 25. Ra1 Bxg5 26. hxg5 Nb4 27. Bb3 Be6 28. Bxe6 Qxe6 29. Rf1 1/2-1/2

[Event "LEM Sachsen-Anhalt Masters 2024"]
[Site "Merseburg"]
[Date "2024.02.10"]
[Round "5.7"]
[White "Schulz, Maximilian"]
[Black "Schellmann, Frank"]
[Result "1/2-1/2"]
[ECO "D78"]
[WhiteElo "1896"]
[BlackElo "1923"]
[Annotator "NA RC"]
[PlyCount "32"]
[EventDate "2024.02.01"]
[EventType "swiss"]
[EventCountry "GER"]
[SourceTitle "playchess.com"]
[Source "ChessBase"]
[SourceQuality "1"]
[TimeControl "40/5400+30:1800+30"]

1. Nf3 Nf6 2. g3 g6 3. Bg2 Bg7 4. O-O O-O 5. d4 d5 6. c4 c6 7. b3 dxc4 8. bxc4 c5 9. e3 (9. dxc5 $2 {too greedy.} Nh5 $19) 9... Nc6 $11 10. Nc3 Bf5 11. Bb2 Ne4 12. Na4 Na5 13. Rc1 Rc8 14. d5 Bxb2 15. Nxb2 Qb6 16. Nd3 Nd6 1/2-1/2

[Event "LEM Sachsen-Anhalt Masters 2024"]
[Site "Merseburg"]
[Date "2024.02.10"]
[Round "6.1"]
[White "Malek, Daniel"]
[Black "Herter, Arne"]
[Result "1/2-1/2"]
[ECO "E97"]
[WhiteElo "2307"]
[BlackElo "2028"]
[Annotator "RC"]
[PlyCount "102"]
[EventDate "2024.02.01"]
[EventType "swiss"]
[EventCountry "GER"]
[SourceTitle "playchess.com"]
[Source "ChessBase"]
[SourceQuality "1"]
[TimeControl "40/5400+30:1800+30"]

1. d4 Nf6 2. c4 g6 3. Nc3 Bg7 4. e4 d6 5. Be2 O-O 6. Nf3 e5 7. O-O Nc6 8. d5 Ne7 9. b4 a5 10. bxa5 Rxa5 11. a4 b6 12. Ba3 Ne8 13. Re1 f5 14. Nd2 Nf6 15. Bf1 fxe4 16. Ndxe4 Nf5 17. Bb4 Ra8 18. a5 bxa5 19. Rxa5 Rxa5 20. Bxa5 Nd4 21. c5 Nxe4 22. Nxe4 Bf5 23. cxd6 Bxe4 24. Rxe4 Qf6 25. Qe1 cxd6 26. Bc3 Qg5 27. Bxd4 exd4 28. Bc4 Rc8 29. h4 Qf5 30. Re8+ Rxe8 31. Qxe8+ Bf8 32. g3 Qc2 33. Ba6 d3 34. Bc8 Qc7 35. Be6+ Kg7 36. Qd7+ Qxd7 37. Bxd7 Be7 38. Kf1 Bf6 39. Bb5 d2 40. Ke2 Bc3 41. Bd3 h6 42. f4 Kf6 43. g4 g5 44. fxg5+ hxg5 45. h5 Kg7 46. Bc2 Kh6 47. Kd3 Ba5 48. Ke4 Bc3 49. Kf5 Be5 50. Ke6 Bf4 51. Kf5 Be5 1/2-1/2

[Event "LEM Sachsen-Anhalt Masters 2024"]
[Site "Merseburg"]
[Date "2024.02.10"]
[Round "6.2"]
[White "Ahmed, Daniel"]
[Black "Haubold, Christian"]
[Result "1-0"]
[ECO "E65"]
[WhiteElo "1994"]
[BlackElo "1990"]
[Annotator "NA RC"]
[PlyCount "81"]
[EventDate "2024.02.01"]
[EventType "swiss"]
[EventCountry "GER"]
[SourceTitle "playchess.com"]
[Source "ChessBase"]
[SourceQuality "1"]
[TimeControl "40/5400+30:1800+30"]

1. d4 Nf6 2. Nf3 g6 3. g3 Bg7 4. Bg2 O-O 5. O-O d6 6. c4 c5 7. Nc3 Nbd7 8. b3 Qa5 9. Bb2 a6 10. a4 cxd4 11. Nxd4 Qh5 12. e3 Qh6 13. Nf3 Ng4 14. Qe2 Nde5 15. h4 Nxf3+ 16. Bxf3 Ne5 17. Bg2 Bg4 18. f3 Be6 19. Rad1 Nc6 20. Kf2 Nb4 21. f4 Rab8 22. Rh1 f5 23. Nd5 Bxd5 24. Bxd5+ Kh8 25. Ba3 a5 26. Bxb4 axb4 27. Qf3 e5 28. Qg2 e4 29. g4 fxg4 30. Qxg4 Rbe8 31. Ke2 Re7 32. h5 gxh5 33. Rxh5 Qf6 34. Rd4 h6 35. Bxe4 Rxe4 36. Rxe4 Qb2+ 37. Kf3 Qxb3 38. Qg1 Qc3 39. Re7 b3 40. Qg6 Qf6 41. Rxh6+ 1-0